 Dungeon Crawl Stone Soup version 0.22-a0-539-gfbd9004e3f (webtiles) character file.

118 Hercules1031 the Skirmisher (level 5, -7/47 HPs)
             Began as a Hill Orc Fighter on June 24, 2018.
             Mangled by a gnoll
             ... wielding a +0 halberd
              (13 damage)
             ... on level 3 of the Dungeon.
             The game lasted 00:07:02 (1532 turns).

Hercules1031 the Skirmisher (Hill Orc Fighter)      Turns: 1532, Time: 00:07:04

Health: -7/47      AC:  9    Str: 20    XL:     5   Next: 2%
Magic:  5/5        EV:  5    Int:  8    God:
Gold:   101        SH:  9    Dex: 10    Spells: 4/4 levels left

rFire    . . .     SeeInvis .   a - +0 war axe
rCold    . . .     Gourm    .   c - +0 shield
rNeg     . . .     Faith    .   g - +0 chain mail
rPois    .         Spirit   .   (no helmet)
rElec    .         Reflect  .   (no cloak)
rCorr    .         Harm     .   (no gloves)
MR       .....                  (no boots)
Stlth    ..........             (no amulet)
HPRegen  0.15/turn              (no ring)
MPRegen  0.09/turn              (no ring)

@: no status effects
A: no striking features
a: no special abilities


You were on level 3 of the Dungeon.
You were not hungry.

You visited 1 branch of the dungeon, and saw 3 of its levels.

You collected 101 gold pieces.

Inventory:

Hand Weapons
 a - a +0 war axe (weapon)
Armour
 b - a +0 scale mail
 c - a +0 shield (worn)
 g - a +0 chain mail (worn)
Scrolls
 h - a scroll of teleportation
 j - 2 scrolls of identify {unknown}
Potions
 d - a potion of might
 e - a potion of agility {unknown}
 i - a potion of haste {unknown}
 k - a potion of degeneration {unknown}
 l - a potion of heal wounds {unknown}
Comestibles
 f - 2 rations


   Skills:
 + Level 4.4 Fighting
 + Level 3.8 Axes
 + Level 4.0 Armour
 + Level 1.3 Dodging
 + Level 3.9 Shields


You had 4 spell levels left.
You didn't know any spells.
Your spell library was empty.

Dungeon Overview and Level Annotations

Branches:
Dungeon (3/15)

Altars:


Message History

The gnoll barely misses you. The adder bites you but does no damage.
The leopard gecko bites you but does no damage.
The gnoll barely misses you.
You closely miss the adder.
Your chain mail prevents you from hitting the leopard gecko.
You slash the hobgoblin!
You kill the hobgoblin!
The adder bites you but does no damage.
The leopard gecko bites you but does no damage.
The bat hits you but does no damage. You block the adder's attack.
The leopard gecko bites you but does no damage.
The gnoll hits you from afar with a halberd.
* * * LOW HITPOINT WARNING * * *
You hit the bat.
The bat is heavily wounded.
You closely miss the leopard gecko. You closely miss the adder.
You block the bat's attack. The adder bites you but does no damage.
You block the leopard gecko's attack.
The gnoll hits you from afar with a halberd!
You die...

........#
........#
...<....#
........#
.......<#
........#
...b.g..#
......)S#
......l@#
......))#
........#
........#
........#
.........
.........
........#


You could see a gnoll, an adder, a leopard gecko and a bat.

Vanquished Creatures
  3 gnolls (D:3)
  2 adders (D:2)
  An ooze (D:1)
  3 dart slugs
  A worm (D:2)
  3 leopard geckos
  2 ball pythons (D:1)
  3 giant cockroaches
  A goblin (D:1)
  10 hobgoblins
  7 jackals
  3 kobolds
  A quokka (D:2)
  3 bats
  4 frilled lizards
  7 rats
54 creatures vanquished.

Notes
Turn   | Place    | Note
-------+----------+-------------------------------------------
     0 | D:1      | Hercules1031 the Hill Orc Fighter began the quest for the Orb.
     0 | D:1      | Reached XP level 1. HP: 19/19 MP: 1/1
   101 | D:1      | Reached XP level 2. HP: 27/27 MP: 2/2
   196 | D:1      | Reached XP level 3. HP: 29/33 MP: 3/3
   780 | D:2      | Reached skill level 1 in Dodging
   798 | D:2      | Reached XP level 4. HP: 21/40 MP: 4/4
  1529 | D:3      | Reached XP level 5. HP: 12/47 MP: 5/5
  1532 | D:3      | Mangled by a gnoll

Vault maps used:
D:1:      ebering_trefoil_twist, minmay_tromino_mix6
D:3:      nicolae_gozag_cash_rules_everything_around_me, uniq_jessica,
          uniq_terence, uniq_crazy_yiuf_cottage, uniq_sigmund

Skill      XL: |  1  2  3  4 |
---------------+-------------+-----
Axes           | 3 |  3.8
Fighting       | 4 |  4.4
Dodging        | 1 |  1.3
Armour         | 4 |  4.0
Shields        | |  3.9

Action                   |  1- 3 |  4- 6 || total
-------------------------+-------+-------++-------
Melee: War axe           |    94 |    62 ||   156
  Use: Scroll            |       |     2 ||     2
  Eat: Ration            |       |     1 ||     1
Armor: Scale mail        |    21 |       ||    21
       Chain mail        |    39 |    42 ||    81
Dodge: Dodged            |    37 |    17 ||    54
Block: Shield            |    47 |    41 ||    88

Table legend:
 A = Spawn XP
 B = Non-spawn XP
 C = Spawn XP percentage of total XP
 D = Spawn monster count
 E = Non-spawn monster count
 F = Spawn count percentage of total count
 G = Total turns spent on level
                    A         B        C        D         E        F      G
               +---------+---------+-------+---------+---------+-------+---------
         Total |       0 |     169 |   0.0 |       0 |      54 |   0.0 |  1532
               +---------+---------+-------+---------+---------+-------+---------
           D:1 |       0 |      45 |   0.0 |       0 |      21 |   0.0 |   607
           D:2 |       0 |      74 |   0.0 |       0 |      27 |   0.0 |   913
           D:3 |       0 |      50 |   0.0 |       0 |       6 |   0.0 |    12
               +---------+---------+-------+---------+---------+-------+---------
